[Event "Titled Tuesday Blitz May 30 Late 2023"]
[White "Talbi, Chafik"]
[Black "Fuentes Godoy, Lilia Ivonne"]
[WhiteFideId "7903715"]
[BlackFideId "5104130"]
[WhiteElo "2186"]
[BlackElo "2096"]
[Result "1-0"]
[Round "07"]
[TimeControl "180+2"]
[Date "2023.05.31"]
[WhiteClock "0:01:32"]
[BlackClock "0:00:03"]

1. e4 c5 2. Nf3 Nc6 3. c3 g6 4. d4 cxd4 5. cxd4 Bg7 6. d5 Ne5 7. Nxe5 Bxe5 8. Nc3 d6 9. Be2 Bd7 10. O-O Rc8 11. f4 Qb6+ 12. Kh1 Bxc3 13. bxc3 Rxc3 14. Bd2 Rc8 15. Rb1 Qc7 16. Qb3 Nf6 17. Rfc1 Qb8 18. Qxb7 Qxb7 19. Rxb7 O-O 20. Bf3 Rxc1+ 21. Bxc1 Rc8 22. Bb2 Bg4 23. h3 Bxf3 24. gxf3 Nh5 25. Rxe7 Nxf4 26. Rxa7 Nxh3 27. a4 Nf2+ 28. Kg1 Nd3 29. Bf6 Rc1+ 30. Kg2 Rc2+ 31. Kg3 Rc8 32. a5 Nc5 33. a6 h5 34. Be7 1-0


[Site "https://www.chess.com"]

[Event "Titled Tuesday Blitz May 30 Late 2023"]
[White "gao6969"]
[Black "Djordjevic, Dejan N"]
[BlackFideId "913316"]
[WhiteElo "2378"]
[BlackElo "2261"]
[Result "1-0"]
[Round "07"]
[TimeControl "180+2"]
[Date "2023.05.31"]
[WhiteClock "0:00:08"]
[BlackClock "0:00:01"]

1. a3 Nf6 2. b4 d5 3. Bb2 Bf5 4. Nf3 e6 5. e3 h6 6. g3 Nbd7 7. Bg2 a5 8. b5 c6 9. a4 c5 10. O-O Be7 11. Ne5 Nxe5 12. Bxe5 O-O 13. c4 Nd7 14. Bb2 Nb6 15. cxd5 exd5 16. d3 Qd7 17. Re1 Be6 18. Nd2 Rfd8 19. Qc2 Bf8 20. Red1 Rac8 21. e4 d4 22. Nc4 Nxc4 23. dxc4 b6 24. Bf1 f5 25. Bd3 fxe4 26. Bxe4 Be7 27. Bc1 Bf6 28. Ra3 Qf7 29. Bg6 Qd7 30. Bf4 Re8 31. Bxe8 Rxe8 32. Re1 Rc8 33. Be5 Bf5 34. Qd2 Be7 35. Qf4 Bf8 36. Rf3 Be6 37. Rc1 Bg4 38. Rd3 Be6 39. h4 Bf5 40. Rd2 Re8 41. Bc7 Re6 42. Kh2 Bg6 43. Bb8 Bf7 44. Rdd1 Qe8 45. Bc7 Qd7 46. Kg1 Rf6 47. Qe5 Rf5 48. Qe4 Bg6 49. Bf4 Kh7 50. Qg2 Bf7 51. Re1 Rf6 52. Re5 Rg6 53. h5 Rf6 54. Qe4+ Kg8 55. Re1 Bd6 56. Re8+ Bxe8 57. Qxe8+ Qxe8 58. Rxe8+ Bf8 59. Be5 Rf7 60. Rd8 g5 61. hxg6 Rf5 62. Bd6 Kg7 63. Rd7+ Kxg6 64. Bf4 Rf6 65. Rd8 Be7 66. Rd5 1-0


[Site "https://www.chess.com"]

[Event "Titled Tuesday Blitz May 30 Late 2023"]
[White "Urbina Perez, Juan Antonio"]
[Black "Curtis, John"]
[WhiteFideId "2217368"]
[BlackFideId "3200256"]
[WhiteElo "2197"]
[BlackElo "2203"]
[Result "1-0"]
[Round "07"]
[TimeControl "180+2"]
[Date "2023.05.31"]
[WhiteClock "0:00:04"]
[BlackClock "0:00:06"]

1. e4 e5 2. Nf3 Nc6 3. Bc4 Bc5 4. d3 Nf6 5. Bg5 h6 6. Bh4 d6 7. a4 Bg4 8. Nbd2 Nd4 9. c3 Nxf3+ 10. Nxf3 g5 11. Bg3 c6 12. a5 a6 13. b4 Ba7 14. O-O Qe7 15. Re1 Nh5 16. d4 Nxg3 17. hxg3 Qf6 18. Re3 O-O-O 19. Qd3 exd4 20. Nxd4 h5 21. Bxa6 Bxd4 22. cxd4 h4 23. Qc4 Kb8 24. Bxb7 Kxb7 25. a6+ Ka7 26. Qxc6 Rd7 27. b5 Rb8 28. Rb1 Rb6 29. Qc8 Qxd4 30. Rc3 Qxc3 31. Qxc3 hxg3 32. Qxg3 Be6 33. Qxg5 d5 34. exd5 Bxd5 35. Rd1 Rxb5 36. Qe3+ Kxa6 37. Ra1+ Kb7 38. Ra7+ Kc8 39. Qe8+ Rd8 40. Qxb5 Bb7 41. Qxb7# 1-0


[Site "https://www.chess.com"]

[Event "Titled Tuesday Blitz May 30 Late 2023"]
[White "Oliveira, Tiago Batista"]
[Black "Gerbelli Neto, Eduardo"]
[WhiteFideId "2108291"]
[BlackFideId "2103281"]
[WhiteElo "1962"]
[BlackElo "2178"]
[Result "1-0"]
[Round "07"]
[TimeControl "180+2"]
[Date "2023.05.31"]
[WhiteClock "0:01:08"]
[BlackClock "0:00:50"]

1. d4 d5 2. c4 c6 3. Nf3 Nf6 4. Qc2 e6 5. g3 Nbd7 6. Bg2 dxc4 7. O-O Be7 8. Rd1 O-O 9. Nbd2 b5 10. e4 Qb6 11. e5 Nd5 12. Ne4 c5 13. Neg5 g6 14. Qe4 Re8 15. Qh4 Nf8 16. Qh6 Bb7 17. dxc5 Qxc5 18. Ne4 Qc7 19. Rxd5 exd5 20. Nf6+ Kh8 21. Ng5 1-0


[Site "https://www.chess.com"]

[Event "Titled Tuesday Blitz May 30 Late 2023"]
[White "Winkels, Marcel"]
[Black "Torres Hernandez, Leslie Carolin"]
[WhiteFideId "1003887"]
[BlackFideId "8400504"]
[WhiteElo "1900"]
[BlackElo "1920"]
[Result "0-1"]
[Round "07"]
[TimeControl "180+2"]
[Date "2023.05.31"]
[WhiteClock "0:01:00"]
[BlackClock "0:00:24"]

1. e4 e6 2. d4 d5 3. e5 c5 4. c3 Nc6 5. Nf3 Qb6 6. Bd3 Nge7 7. O-O cxd4 8. cxd4 Nf5 9. Bxf5 exf5 10. Nc3 Be6 11. a3 Be7 12. b4 O-O 13. Na4 Qd8 14. Nc5 b6 15. Nb3 Rc8 16. Bb2 h6 17. Rc1 g5 18. b5 Na5 19. Nxa5 bxa5 20. Qd2 a4 21. Rc6 Rxc6 22. bxc6 Qb6 23. Rc1 Rc8 24. Qc2 Bd7 25. c7 Bb5 26. Ne1 Bc4 27. Nd3 Bxd3 28. Qxd3 Qxb2 29. Qd1 Qb6 30. Qc2 Qxd4 31. h3 Qxe5 32. Qc6 Bd6 33. Qxa4 Rxc7 34. Rxc7 Bxc7 35. Qxa7 Qe1# 0-1


[Site "https://www.chess.com"]

[Event "Titled Tuesday Blitz May 30 Late 2023"]
[White "Kujawski, Adam"]
[Black "deloewre"]
[WhiteFideId "1100920"]
[WhiteElo "2054"]
[BlackElo "2117"]
[Result "1-0"]
[Round "07"]
[TimeControl "180+2"]
[Date "2023.05.31"]
[WhiteClock "0:00:08"]
[BlackClock "0:00:01"]

1. e4 c5 2. Nf3 Nc6 3. Nc3 g6 4. Bb5 Bg7 5. O-O Nd4 6. Nxd4 cxd4 7. Ne2 Qb6 8. Ba4 Nf6 9. d3 O-O 10. c3 dxc3 11. Nxc3 d6 12. Bb3 Bg4 13. Qe1 Rac8 14. Be3 Qa5 15. Nd5 Qd8 16. Bxa7 Nxd5 17. Bxd5 b5 18. Qd2 Bd7 19. Be3 e6 20. Bb3 Bc6 21. Rac1 d5 22. Bc5 Re8 23. Qe2 dxe4 24. dxe4 Qa5 25. f3 Qa8 26. Be3 b4 27. Rfd1 Ba4 28. Qd2 Bxb3 29. axb3 Qb7 30. Rxc8 Qxc8 31. Qd7 Qxd7 32. Rxd7 Ra8 33. Bd4 Bxd4+ 34. Rxd4 Ra2 35. Rxb4 Rxb2 36. h4 h5 37. Rb5 Kg7 38. Kh2 Kf6 39. Kg3 Ke7 40. e5 Kf8 41. Rb7 Kg7 42. b4 Rb3 43. Kf4 Rb2 44. g3 Rb3 45. Ke4 Rb2 46. Kf4 Rb1 47. g4 1-0


[Site "https://www.chess.com"]

[Event "Titled Tuesday Blitz May 30 Late 2023"]
[White "Smiechu"]
[Black "Silva Rosas, Natalia"]
[BlackFideId "3000575"]
[WhiteElo "2346"]
[BlackElo "1651"]
[Result "1-0"]
[Round "07"]
[TimeControl "180+2"]
[Date "2023.05.31"]
[WhiteClock "0:00:30"]
[BlackClock "0:00:01"]

1. e4 c5 2. Nf3 e6 3. d4 cxd4 4. Nxd4 a6 5. Bd3 Qc7 6. Nc3 Nf6 7. Be3 Bb4 8. Qd2 Nc6 9. Nxc6 bxc6 10. O-O Bb7 11. Nd5 Nxd5 12. c3 Nxe3 13. Qxe3 Bd6 14. f4 Be7 15. Qg3 O-O 16. e5 g6 17. h4 Kh8 18. Be2 Qb6+ 19. Kh1 Qxb2 20. Bc4 Qa3 21. Rab1 Rab8 22. Qd3 c5 23. Rb3 Bxg2+ 24. Kxg2 Rxb3 25. Bxb3 Qb2+ 26. Rf2 Qa3 27. Qxd7 Bxh4 28. Rc2 c4 29. Bxc4 Qc5 30. Qd3 Qc6+ 31. Kh3 Be7 32. Bxa6 Qh1+ 33. Rh2 Qa8 34. Kg4 Qd8 35. Rd2 1-0


[Site "https://www.chess.com"]

[Event "Titled Tuesday Blitz May 30 Late 2023"]
[White "Prydun, Andriy"]
[Black "campochess"]
[WhiteFideId "14145898"]
[WhiteElo "2164"]
[BlackElo "2100"]
[Result "1-0"]
[Round "07"]
[TimeControl "180+2"]
[Date "2023.05.31"]
[WhiteClock "0:00:57"]
[BlackClock "0:00:04"]

1. e4 c5 2. Nf3 Nc6 3. Bb5 e6 4. O-O Nge7 5. Re1 a6 6. Bf1 d5 7. b3 d4 8. a4 Ng6 9. Na3 Be7 10. e5 O-O 11. Nc4 f6 12. exf6 gxf6 13. h4 e5 14. h5 Nf4 15. Nh4 Be6 16. d3 Nd5 17. Be2 Rb8 18. a5 Nc3 19. Qd2 Nxe2+ 20. Qxe2 Bxc4 21. dxc4 Qd7 22. Qe4 Kh8 23. Nf5 Rf7 24. Bd2 Rg8 25. Nh6 Bf8 26. Nxf7+ Qxf7 27. Qf5 Ne7 28. Qh3 Bg7 29. h6 Bf8 30. Re4 Ng6 31. Qf5 Ne7 32. Qf3 Rg6 33. Rxe5 Bxh6 34. Rae1 Ng8 35. Bxh6 Rxh6 36. Re8 Qg6 37. Qg3 Kg7 38. Qc7+ Kh8 39. Qd7 1-0


[Site "https://www.chess.com"]

[Event "Titled Tuesday Blitz May 30 Late 2023"]
[White "Prieto Aranguren, Alain"]
[Black "Alexikov, Alexander"]
[WhiteFideId "2268906"]
[BlackFideId "14103958"]
[WhiteElo "2209"]
[BlackElo "2186"]
[Result "1-0"]
[Round "07"]
[TimeControl "180+2"]
[Date "2023.05.31"]
[WhiteClock "0:00:03"]
[BlackClock "0:00:01"]

1. e4 c5 2. Bc4 e6 3. Qf3 Nc6 4. d3 Nf6 5. Nc3 a6 6. Qg3 d5 7. exd5 exd5 8. Bb3 b5 9. a4 b4 10. Nce2 Ra7 11. Nf3 Re7 12. Be3 g6 13. O-O d4 14. Bg5 Rxe2 15. Rae1 Re6 16. Bxe6 Bxe6 17. Nd2 Be7 18. Bh6 Bf8 19. Bg5 h6 20. Bxf6 Qxf6 21. Qc7 Nd8 22. Ne4 Qe7 23. Qb8 Qb7 24. Qe5 Rg8 25. Nf6+ Ke7 26. Nxg8+ Kd7 27. Nf6+ Kc8 28. Ne8 Kd7 29. Nf6+ Kc8 30. Ne4 Qc7 31. Qxc7+ Kxc7 32. f4 f5 33. Nd2 Be7 34. Nc4 Bf6 35. Ne5 g5 36. fxg5 hxg5 37. Nf3 g4 38. Ne5 Bg5 39. Ng6 Be3+ 40. Kh1 Nf7 41. Nf4 Bd7 42. c3 bxc3 43. bxc3 Kd6 44. cxd4 cxd4 45. Nh5 Ne5 46. Nf6 Bxa4 47. Rxf5 1-0


[Site "https://www.chess.com"]

[Event "Titled Tuesday Blitz May 30 Late 2023"]
[White "Kornyukov, Alexey"]
[Black "Papp, Petra"]
[WhiteFideId "4150457"]
[BlackFideId "739049"]
[WhiteElo "2352"]
[BlackElo "2259"]
[Result "0-1"]
[Round "07"]
[TimeControl "180+2"]
[Date "2023.05.31"]
[WhiteClock "0:00:12"]
[BlackClock "0:00:06"]

1. d4 d5 2. c4 e6 3. Nc3 Nf6 4. cxd5 Nxd5 5. e4 Nxc3 6. bxc3 c5 7. a3 cxd4 8. cxd4 e5 9. Nf3 exd4 10. Qxd4 Qxd4 11. Nxd4 Bc5 12. Nb5 Na6 13. Bf4 O-O 14. Bd3 Re8 15. O-O Bd7 16. Nd6 Bxd6 17. Bxd6 Re6 18. e5 Bc6 19. Rac1 Rc8 20. Bf5 Ree8 21. Bxc8 Rxc8 22. Rfd1 Re8 23. f4 g6 24. Kf2 h5 25. g3 Kg7 26. Rd2 Be4 27. Rd4 Bf5 28. Rdc4 h4 29. Kf3 hxg3 30. hxg3 Rh8 31. e6 Bxe6 32. Be5+ f6 33. Rc7+ Nxc7 34. Rxc7+ Bf7 35. Bd4 b5 36. Rxa7 Rh1 37. g4 Rf1+ 38. Ke3 Re1+ 39. Kd3 Rd1+ 40. Kc3 Rf1 41. g5 Rxf4 42. Bxf6+ Kf8 43. Rb7 Be8 44. Kb3 Re4 45. Bg7+ Kg8 46. Bf6 Rg4 47. Rg7+ Kf8 48. Rb7 Bf7+ 49. Kc3 Rg3+ 50. Kb4 Rb3+ 51. Kc5 Bc4 52. Rb8+ Kf7 53. Rb7+ Ke6 54. Re7+ Kf5 55. Ra7 Rb1 56. Kd4 Rd1+ 57. Kc3 Rd5 58. a4 Rd3+ 59. Kc2 Ra3 60. a5 b4 61. Be7 Ra2+ 62. Kb1 b3 63. Rc7 Bd3+ 64. Kc1 b2+ 65. Kd2 b1=Q+ 66. Ke3 Re2+ 67. Kd4 Re4+ 68. Kd5 Qb5+ 69. Kd6 Qb4+ 70. Rc5+ Kg4 71. Kc6 Rc4 72. Bd6 Rxc5+ 73. Bxc5 Qc4 74. a6 Qxa6+ 75. Bb6 Bb5+ 76. Kc7 Kf5 77. Kb8 Bc4 78. Bc7 Qc6 79. Be5 Bd5 80. Bc7 Qb7# 0-1


[Site "https://www.chess.com"]

[Event "Titled Tuesday Blitz May 30 Late 2023"]
[White "sebastianmarinp"]
[Black "ritanovikova"]
[WhiteElo "2378"]
[BlackElo "2167"]
[Result "1-0"]
[Round "07"]
[TimeControl "180+2"]
[Date "2023.05.31"]
[WhiteClock "0:00:09"]
[BlackClock "0:00:27"]

1. e4 d5 2. exd5 Qd6 3. Nc3 Nf6 4. Bc4 Nbd7 5. d3 a6 6. Nge2 Nb6 7. Bf4 Qd8 8. O-O Nfxd5 9. Nxd5 Nxd5 10. Bxd5 Qxd5 11. Bxc7 Bg4 12. h3 Bh5 13. Nf4 Bxd1 14. Nxd5 Bxc2 15. Nb6 Ra7 16. Bb8 Bxd3 17. Rfc1 Bf5 18. Bxa7 e5 19. Nd5 f6 20. Nc7+ Kf7 21. Nd5 Bd6 22. Ne3 Be6 23. Bc5 Bb8 24. Nc4 g5 25. Nd6+ Bxd6 26. Bxd6 Bd5 27. Rd1 Bc6 28. Rac1 h5 29. Bc7 Rg8 30. Rd8 Rg6 31. Rcd1 h4 32. R1d7+ Bxd7 33. Rxd7+ Ke6 34. Rh7 Kd5 35. Ba5 b5 36. Rd7+ Kc6 37. Ra7 Kd5 38. Rxa6 Kc5 39. Bd8 Kc4 40. Rxf6 Rg8 41. Rd6 e4 42. Kf1 g4 43. hxg4 Rxg4 44. Rh6 Kd3 45. Rxh4 Rg8 46. Rh3+ Kc2 47. Bf6 Ra8 48. a3 Rf8 49. Bc3 Rd8 50. Ke2 Rg8 51. g3 Rd8 52. Rh4 Re8 53. Ke3 Kd1 54. Rxe4 Rc8 55. Rd4+ Kc2 56. f4 Kb3 57. f5 Ka2 58. f6 b4 59. Rxb4 Re8+ 60. Re4 Rb8 61. f7 Rb3 62. f8=Q Ka1 63. Qf1+ Ka2 64. Qc4 Kb1 65. Qxb3 Kc1 66. Bd2+ Kb1 67. Rf4 Ka1 68. Rf1# 1-0


[Site "https://www.chess.com"]

[Event "Titled Tuesday Blitz May 30 Late 2023"]
[White "Celestino, Rafael Teixeira"]
[Black "Ogreberbere"]
[WhiteFideId "2108925"]
[WhiteElo "2326"]
[BlackElo "2150"]
[Result "0-1"]
[Round "07"]
[TimeControl "180+2"]
[Date "2023.05.31"]
[WhiteClock "0:00:39"]
[BlackClock "0:00:26"]

1. e4 e6 2. d4 d5 3. Bd3 dxe4 4. Bxe4 Nf6 5. Bf3 Be7 6. Ne2 O-O 7. O-O c5 8. Be3 Nc6 9. Bxc6 bxc6 10. dxc5 Ba6 11. Nbc3 Rb8 12. Rb1 Ng4 13. Qc1 Qc7 14. g3 Ne5 15. b4 Bf6 16. Rd1 Bc4 17. Nd4 Rfd8 18. Ne4 Bxa2 19. Ra1 Bd5 20. Nxf6+ gxf6 21. Bf4 Rxb4 22. c3 Rbb8 23. Qe3 Qe7 24. Bxe5 fxe5 25. Qxe5 Rb2 26. h4 f6 27. Qe3 Qxc5 28. Qh6 e5 29. Qxf6 Rf8 30. Qg5+ Kh8 31. Nf5 Qxf2# 0-1


[Site "https://www.chess.com"]

[Event "Titled Tuesday Blitz May 30 Late 2023"]
[White "Hartikainen, Jarmo"]
[Black "dodoucb"]
[WhiteFideId "503134"]
[WhiteElo "2104"]
[BlackElo "2326"]
[Result "1-0"]
[Round "07"]
[TimeControl "180+2"]
[Date "2023.05.31"]
[WhiteClock "0:00:28"]
[BlackClock "0:00:25"]

1. e4 c6 2. d4 d5 3. Nc3 dxe4 4. Nxe4 Bf5 5. Ng3 Bg6 6. h4 h6 7. Bc4 e6 8. N1e2 Nf6 9. Nf4 Bh7 10. O-O Bd6 11. Nxe6 fxe6 12. Bxe6 Qc7 13. Re1 Kd8 14. Qf3 Nbd7 15. c4 Rf8 16. c5 Bxg3 17. fxg3 Nd5 18. Qa3 N7f6 19. Bd2 Re8 20. Bxd5 Nxd5 21. Ba5 b6 22. Rxe8+ Kxe8 23. Re1+ Kf8 24. cxb6+ 1-0


[Site "https://www.chess.com"]

[Event "Titled Tuesday Blitz May 30 Late 2023"]
[White "Horokoskii"]
[Black "Vaglio Munoz, Jaime"]
[BlackFideId "6500145"]
[WhiteElo "2133"]
[BlackElo "2199"]
[Result "0-1"]
[Round "07"]
[TimeControl "180+2"]
[Date "2023.05.31"]
[WhiteClock "0:00:03"]
[BlackClock "0:00:42"]

1. d4 c6 2. c4 b5 3. cxb5 cxb5 4. e4 Bb7 5. f3 a6 6. Be3 d5 7. e5 Bc8 8. Bd3 Nh6 9. Qc2 g6 10. Ne2 Bf5 11. g4 Bxd3 12. Qxd3 e6 13. Nbc3 Nc6 14. O-O Rc8 15. Rac1 Bg7 16. Ng3 Ng8 17. f4 Qh4 18. Qe2 h5 19. gxh5 gxh5 20. f5 Qg4 21. f6 Bh6 22. Bxh6 Nxh6 23. Nxb5 axb5 24. Qxb5 O-O 25. Rxc6 Rb8 26. Qe2 Qxd4+ 27. Qf2 Qxe5 28. Qg2 Kh8 29. Nxh5 Rg8 30. Ng7 Rxb2 31. Rc2 Rb4 32. Qd2 Rg4+ 33. Kh1 Qe4+ 34. Qg2 Rxg2 35. Rxg2 Ng4 36. Rf3 Qxf3 0-1


[Site "https://www.chess.com"]

[Event "Titled Tuesday Blitz May 30 Late 2023"]
[White "Maluco_do_Natal_00"]
[Black "KVAIDAN"]
[WhiteElo "2065"]
[BlackElo "2280"]
[Result "1-0"]
[Round "07"]
[TimeControl "180+2"]
[Date "2023.05.31"]
[WhiteClock "0:00:07"]
[BlackClock "0:00:03"]

1. e4 e5 2. Nf3 d5 3. exd5 e4 4. Qe2 Nf6 5. d3 Bb4+ 6. Bd2 O-O 7. dxe4 Bc5 8. Nc3 Re8 9. O-O-O c6 10. dxc6 Qb6 11. Be3 Qxc6 12. Bxc5 Qxc5 13. h3 Nc6 14. g4 Qa5 15. Kb1 Be6 16. a3 a6 17. g5 Nd7 18. Nd4 Nc5 19. Nxe6 Rxe6 20. f3 b5 21. Bg2 b4 22. axb4 Nxb4 23. Qc4 1-0


[Site "https://www.chess.com"]

[Event "Titled Tuesday Blitz May 30 Late 2023"]
[White "The_Straightforward_Rook"]
[Black "Stead, Kerry"]
[BlackFideId "3202577"]
[WhiteElo "2272"]
[BlackElo "1997"]
[Result "1-0"]
[Round "07"]
[TimeControl "180+2"]
[Date "2023.05.31"]
[WhiteClock "0:02:40"]
[BlackClock "0:00:21"]

1. e4 e6 2. Nf3 d5 3. d3 Nf6 4. Nbd2 c5 5. g3 Nc6 6. Bg2 Be7 7. O-O O-O 8. Re1 e5 9. exd5 Nxd5 10. Nxe5 Nxe5 11. Rxe5 Be6 12. Nc4 Bf6 13. Re1 1-0


[Site "https://www.chess.com"]

[Event "Titled Tuesday Blitz May 30 Late 2023"]
[White "NtcPou"]
[Black "Wang, Alexander J"]
[BlackFideId "30955270"]
[WhiteElo "2039"]
[BlackElo "2260"]
[Result "1-0"]
[Round "07"]
[TimeControl "180+2"]
[Date "2023.05.31"]
[WhiteClock "0:02:30"]
[BlackClock "0:02:29"]

1. e4 c5 2. Nf3 e6 3. g3 Nc6 4. Bg2 Nf6 5. Qe2 d5 6. exd5 Nxd5 7. O-O Be7 8. c4 Nf6 9. Nc3 O-O 10. Rd1 Nd4 11. Nxd4 cxd4 12. Nb5 a6 13. Na3 Bxa3 14. bxa3 Rb8 15. d3 Re8 16. Qe5 Ra8 17. Bb2 1-0


[Site "https://www.chess.com"]

[Event "Titled Tuesday Blitz May 30 Late 2023"]
[White "dorpato"]
[Black "Harish, Neeraj"]
[BlackFideId "30958130"]
[WhiteElo "2043"]
[BlackElo "1879"]
[Result "0-1"]
[Round "07"]
[TimeControl "180+2"]
[Date "2023.05.31"]
[WhiteClock "0:00:01"]
[BlackClock "0:00:01"]

1. e4 e5 2. d4 exd4 3. Nf3 Nc6 4. c3 d5 5. exd5 Qxd5 6. cxd4 Bg4 7. Be2 O-O-O 8. Be3 Bb4+ 9. Nc3 Bxf3 10. Bxf3 Qc4 11. Bxc6 Bxc3+ 12. bxc3 Qxc3+ 13. Bd2 Qxc6 14. Qg4+ Kb8 15. Qxg7 Re8+ 16. Be3 Qc3+ 17. Ke2 Qc2+ 18. Kf3 Qf5+ 19. Ke2 Qb5+ 20. Kf3 Qh5+ 21. Qg4 Qd5+ 22. Ke2 Nf6 23. Qf3 Qc4+ 24. Kd2 Ne4+ 25. Kd1 Qd3+ 26. Ke1 Qc3+ 27. Ke2 Qb2+ 28. Kd3 Qc3+ 29. Ke2 Qc4+ 30. Ke1 Re6 31. Rd1 Qc3+ 32. Ke2 Qc4+ 33. Rd3 Rhe8 34. Rd1 Nc3+ 35. Ke1 Nxd1 36. Rxd1 Qb4+ 37. Kf1 Qc4+ 38. Kg1 Qxa2 39. d5 Rd6 40. Bf4 Rc6 0-1


[Site "https://www.chess.com"]

[Event "Titled Tuesday Blitz May 30 Late 2023"]
[White "Mendez Machado, Andre"]
[Black "Burke, Paul"]
[WhiteFideId "6603793"]
[BlackFideId "2605767"]
[WhiteElo "1984"]
[BlackElo "1913"]
[Result "1-0"]
[Round "07"]
[TimeControl "180+2"]
[Date "2023.05.31"]
[WhiteClock "0:00:04"]
[BlackClock "0:00:01"]

1. e4 e5 2. Nf3 Nc6 3. Bc4 Be7 4. d4 exd4 5. Nxd4 d6 6. Nc3 Nf6 7. Be3 O-O 8. O-O Ne5 9. Be2 c5 10. Nf3 Nxf3+ 11. Bxf3 Be6 12. a4 h6 13. a5 Rb8 14. Bf4 b5 15. e5 Ne8 16. Qc1 b4 17. Ne4 d5 18. Ng3 Nc7 19. Rd1 Qc8 20. Nh5 Bg4 21. Bxg4 Qxg4 22. Ng3 Ne6 23. Bd2 Nd4 24. h3 Qxg3 25. fxg3 Ne2+ 26. Kh2 Nxc1 27. Bxc1 Rfd8 28. Bf4 Rb5 29. a6 g5 30. Bc1 d4 31. b3 Rd5 32. Re1 Rb6 33. h4 Re6 34. hxg5 hxg5 35. Bd2 Rdxe5 36. Rf1 Rh6+ 37. Kg1 Rf6 38. Rfe1 Rfe6 39. Rf1 f6 40. Rad1 Re2 41. Bc1 Kg7 42. Bd2 Bd6 43. g4 R2e4 44. Rf2 Rxg4 45. Kf1 Bg3 46. Rf3 Bf4 47. Bxf4 Rxf4 48. Kf2 Rxf3+ 49. gxf3 Re3 50. Ra1 f5 51. Ra5 Rc3 52. Rb5 Rxc2+ 53. Kg3 d3 54. Rb7+ Kg6 55. Rxa7 1-0


[Site "https://www.chess.com"]

[Event "Titled Tuesday Blitz May 30 Late 2023"]
[White "Martinez, Ayelen"]
[Black "Castillo Pena, Patricia Evarista"]
[WhiteFideId "118702"]
[BlackFideId "6412106"]
[WhiteElo "2125"]
[BlackElo "1919"]
[Result "1-0"]
[Round "07"]
[TimeControl "180+2"]
[Date "2023.05.31"]
[WhiteClock "0:01:31"]
[BlackClock "0:01:57"]

1. e4 c5 2. Nf3 d6 3. d4 cxd4 4. Nxd4 Nf6 5. Nc3 a6 6. Bg5 e6 7. f4 h6 8. Bh4 Be7 9. Qf3 Qb6 10. O-O-O Nc6 11. Bf2 Qc7 12. Bd3 b5 13. e5 Nd5 14. Nxd5 exd5 15. Qxd5 Bb7 16. exd6 Bxd6 17. Rhe1+ Kf8 18. Qf5 Bxf4+ 19. Kb1 Nb4 20. Ne6+ 1-0


[Site "https://www.chess.com"]

[Event "Titled Tuesday Blitz May 30 Late 2023"]
[White "mohsengabr2002"]
[Black "Sanchez, Robert"]
[BlackFideId "2034360"]
[WhiteElo "2217"]
[BlackElo "1808"]
[Result "1-0"]
[Round "07"]
[TimeControl "180+2"]
[Date "2023.05.31"]
[WhiteClock "0:01:35"]
[BlackClock "0:00:40"]

1. e4 e6 2. d3 c5 3. Nd2 Nc6 4. g3 d6 5. Bg2 g6 6. Ngf3 Bg7 7. O-O Nge7 8. c3 e5 9. a3 O-O 10. b4 b6 11. bxc5 bxc5 12. c4 h6 13. Nb1 f5 14. exf5 Bxf5 15. Bb2 Rb8 16. Qc2 Bxd3 17. Qxd3 Rxb2 18. Nh4 Nd4 19. Nc3 Rb3 20. Kh1 g5 21. Nf3 Qa5 22. Rac1 Qxa3 23. Nd2 Rb2 24. Ra1 Qb4 25. Nde4 a5 26. Nxd6 Rfxf2 27. Rxf2 Rxf2 28. Nd5 Qb2 29. Nxe7+ Kh8 30. Rg1 Rxg2 31. Rxg2 Qb1+ 32. Qxb1 1-0


[Site "https://www.chess.com"]

[Event "Titled Tuesday Blitz May 30 Late 2023"]
[White "Escalante Ramirez, Rafael"]
[Black "Schut, Han"]
[WhiteFideId "3900177"]
[BlackFideId "1005561"]
[WhiteElo "2219"]
[BlackElo "2024"]
[Result "0-1"]
[Round "07"]
[TimeControl "180+2"]
[Date "2023.05.31"]
[WhiteClock "0:00:08"]
[BlackClock "0:00:19"]

1. Nf3 Nf6 2. d4 g6 3. c4 Bg7 4. g3 O-O 5. Bg2 d5 6. cxd5 Nxd5 7. O-O c5 8. e4 Nb6 9. d5 e6 10. Nc3 exd5 11. Nxd5 Nxd5 12. exd5 Bf5 13. Qb3 Qb6 14. Be3 Qxb3 15. axb3 Nd7 16. Nd2 Bxb2 17. Ra2 Bc3 18. d6 Rfb8 19. Rc1 Bb4 20. Ne4 b6 21. Ng5 a5 22. Bxa8 Rxa8 23. Bd2 Rd8 24. Bxb4 cxb4 25. Rc7 h6 26. Nf3 Nc5 27. Nd4 Rxd6 28. Nxf5 gxf5 29. Re2 Nxb3 30. Re8+ Kg7 31. Ree7 Rf6 32. f4 Nc5 33. h3 b3 34. Re2 a4 35. Ra7 b5 36. Ra5 Rb6 37. Re5 b2 38. Re1 Nb3 39. Ra8 Nd2 40. Re7 b1=Q+ 0-1


[Site "https://www.chess.com"]

[Event "Titled Tuesday Blitz May 30 Late 2023"]
[White "Holt, Conrad"]
[Black "Duda, Jan-Krzysztof"]
[WhiteFideId "2034387"]
[BlackFideId "1170546"]
[WhiteElo "2592"]
[BlackElo "2790"]
[Result "1/2-1/2"]
[Round "08"]
[TimeControl "180+2"]
[Date "2023.05.31"]
[WhiteClock "0:00:15"]
[BlackClock "0:00:08"]

1. d4 Nf6 2. c4 e6 3. Nc3 Bb4 4. Qc2 d5 5. cxd5 Qxd5 6. Nf3 Qf5 7. Qxf5 exf5 8. Bd2 Be6 9. e3 Nbd7 10. Bd3 g6 11. Ke2 a6 12. Ng5 Bd6 13. Rac1 Ke7 14. f3 c5 15. Nxe6 fxe6 16. dxc5 Nxc5 17. Bb1 Rac8 18. Rc2 Rhd8 19. Rhc1 Rc6 20. Nd1 Rdc8 21. b4 Ncd7 22. Rxc6 Rxc6 23. Rxc6 bxc6 24. g3 Nd5 25. a3 c5 26. e4 fxe4 27. fxe4 N5b6 28. Bd3 cxb4 29. axb4 Nb8 30. Ne3 N6d7 31. Nc4 Bc7 32. Bg5+ Kf7 33. Na3 Nc6 34. Nc2 Bd6 35. b5 axb5 36. Bxb5 Nce5 37. Bf4 Be7 38. Nd4 Bf6 39. h4 Nc5 40. Ke3 Ng4+ 41. Kf3 Nh2+ 42. Kg2 Bxd4 43. Kxh2 Nxe4 44. Bc6 Nf6 45. Kg2 Nh5 46. Kf3 Bf6 47. Bh6 Be5 48. g4 Nf6 49. Bg5 Ng8 50. h5 gxh5 51. gxh5 Bf6 52. Bf4 Ne7 53. Be4 Kg7 54. Kg4 Ng8 55. Be3 Be5 56. Bg5 h6 57. Bh4 Bf6 58. Bg3 Kf7 59. Bg6+ Ke7 60. Bh7 Kf7 61. Bg6+ Kg7 62. Kf4 Bc3 63. Kf3 Nf6 64. Bh4 Nd7 65. Bg3 Be5 66. Bh4 Bf6 67. Bg3 Nc5 68. Bf2 Nb3 69. Bg3 Nd4+ 70. Ke4 Ne2 71. Bh2 Nc3+ 72. Kd3 Nd5 73. Ke4 Ne7 74. Be8 Kf8 75. Ba4 Nf5 76. Kf3 Ng7 77. Kg4 e5 78. Bb3 Ke7 79. Bg1 Bg5 80. Bc5+ Kf6 81. Bd5 Nf5 82. Bb6 Nd4 83. Bd8+ Kg7 84. Bxg5 hxg5 85. Kxg5 Kh8 86. Kf6 Nc2 87. Kxe5 Ne3 88. Be4 Ng4+ 89. Kf4 Nh6 90. Bg6 Ng8 91. Kg5 Kg7 92. Bf5 Nh6 93. Bg6 Ng8 94. Bf5 Nh6 95. Bg6 Ng8 1/2-1/2


[Site "https://www.chess.com"]

[Event "Titled Tuesday Blitz May 30 Late 2023"]
[White "Demidov, Mikhail"]
[Black "Bluebaum, Matthias"]
[WhiteFideId "4197143"]
[BlackFideId "24651516"]
[WhiteElo "2500"]
[BlackElo "2639"]
[Result "0-1"]
[Round "08"]
[TimeControl "180+2"]
[Date "2023.05.31"]
[WhiteClock "0:00:06"]
[BlackClock "0:00:53"]

1. Nf3 d5 2. d4 e6 3. Bf4 c5 4. c3 Nc6 5. e3 Bd6 6. Bg3 Nge7 7. Bd3 O-O 8. Nbd2 cxd4 9. exd4 f6 10. c4 dxc4 11. Bxc4 Bxg3 12. hxg3 Nxd4 13. Nxd4 Qxd4 14. Qc2 Qe5+ 15. Kf1 f5 16. Re1 Qf6 17. Qb3 Nc6 18. Bxe6+ Kh8 19. Nf3 Re8 20. Bd5 Rxe1+ 21. Nxe1 Nd4 22. Qc3 Bd7 23. Rh4 Bb5+ 24. Bc4 Rc8 25. Rxd4 Rxc4 26. Rxc4 Qxc3 27. bxc3 Bxc4+ 28. Kg1 Bxa2 29. f4 a5 30. Kf2 a4 31. Nc2 Bd5 32. Na3 Kg8 33. c4 Bc6 34. Ke3 Bxg2 35. Kd4 Kf7 36. Kc5 Kg6 37. Nc2 Be4 38. Nb4 Kh5 39. Kb5 Kg4 0-1


[Site "https://www.chess.com"]